 Dungeon Crawl Stone Soup version 0.24.1-14-gf8d2b509d9 (webtiles) character file.

Game seed: 1213073081323575648, levelgen mode: deterministic

916 Hugehornet the Changer (level 8, -8/48 HPs)
             Began as an Octopode Transmuter on May 17, 2020.
             Mangled by an ogre
             ... wielding a +0 giant spiked club
              (24 damage)
             ... on level 5 of the Dungeon.
             The game lasted 00:14:05 (5159 turns).

Hugehornet the Changer (Octopode Transmuter)        Turns: 5159, Time: 00:14:06

Health: -8/48      AC:  2    Str: 10    XL:     8   Next: 9%
Magic:  11/14      EV: 19    Int: 17    God:
Gold:   310        SH:  0    Dex: 17    Spells: 5/15 levels left

rFire    . . .     SeeInvis .     - Unarmed
rCold    . . .     Gourm    .   (shield currently unavailable)
rNeg     . . .     Faith    .   (helmet currently unavailable)
rPois    x         Spirit   .   (no amulet)
rElec    .         Reflect  .   (no ring)
rCorr    .         Harm     .   (no ring)
MR       .....                  (no ring)
Stlth    ++........             (no ring)
HPRegen  0.16/turn              (no ring)
MPRegen  0.14/turn              (no ring)
                                (no ring)
                                (no ring)

@: spider-form
A: tiny, almost no armour, stealthy swim, (amphibious), 8 rings, (constrict 8),
mutation resistance 1
a: End Transformation


You were on level 5 of the Dungeon.
You were not hungry.
You were a venomous arachnid creature.
You visited 1 branch of the dungeon, and saw 5 of its levels.
You also visited: Ossuary.

You collected 310 gold pieces.

Inventory:

Missiles
 a - 66 arrows
Wands
 b - a wand of enslavement (19)
Scrolls
 d - a scroll of magic mapping
 e - 2 scrolls of enchant armour
 f - 3 scrolls of amnesia
 i - 3 scrolls of fog
 j - a scroll of fear
 m - a scroll of acquirement {unknown}
 o - a scroll of remove curse
 q - a scroll of teleportation {unknown}
Potions
 g - a potion of haste
 h - 3 potions of agility
 k - a potion of brilliance
 l - 2 potions of might
 n - a potion of curing
Comestibles
 c - 7 rations
 p - 7 chunks of flesh


   Skills:
 - Level 1.0 Fighting
 - Level 2.0 Dodging
 - Level 4.2 Unarmed Combat
 - Level 4.1 Spellcasting
 - Level 5.1 Transmutations
 + Level 4.6 Ice Magic
 - Level 3.1 Poison Magic


You had 5 spell levels left.
You knew the following spells:

 Your Spells              Type           Power        Failure   Level  Hunger
a - Beastly Appendage     Tmut           ###...       8%          1    None
b - Sticks to Snakes      Tmut           ###.....     10%         2    ##.....
c - Spider Form           Tmut/Pois      ###.......   22%         3    ###....
d - Ice Form              Ice/Tmut       ###.....     43%         4    ####...

Your spell library contained the following spells:

 Spells                   Type           Power        Failure   Level  Hunger
 Blade Hands              Tmut           ###.......   67%         5    ######.


Dungeon Overview and Level Annotations

Branches:
Dungeon (5/15)            Ossuary (visited)
 Temple: D:4-7

Altars:
Kikubaaqudgha
Trog
Uskayaw
Zin


Innate Abilities, Weirdness & Mutations

You cannot wear most types of armour.
You are very stealthy in the water. (Stealth+)
((You are amphibious.))
You can wear up to eight rings at the same time.
((You can use your tentacles to constrict eight enemies at once.))
((Your skin changes colour to match your surroundings (Stealth+).))
((Your rubbery body absorbs attacks. (AC +1, EV +1)))
You are somewhat resistant to further mutation.


Message History

Found a whip.
You see here a ring mail.
An ogre comes into view. It is wielding a +0 giant spiked club.
You see here a shield.
Casting: Spider Form (safe; 9% risk of failure)
Confirm with . or Enter, or press ? or * to list all spells.
You turn into a venomous arachnid creature.
The ogre shouts!
You hit the ogre.
The ogre is poisoned.
The ogre is moderately wounded.
The ogre hits you with a +0 giant spiked club!!
Ouch! That really hurt!
You hear a shout!
You completely miss the ogre.
The ogre is moderately wounded.
You bite the ogre!
The ogre looks as sick as possible!
The ogre is severely wounded.
The ogre hits you with a +0 giant spiked club!!
Ouch! That really hurt!
You die...

########...# ..# #...# #
#.# #...# ## #.# #...# #.
..# #...# #. .##
#.#######...#####.
...####........รท........
#.....O......)....<....
.##..#.#s................
.........#.####....#.####
.##..##.## # #....#.#
###..##.##.# #....#.#
...).......# #....#.#
#######[#### #.(..#.#
.########.# #......#
..........########...###
# #####.........#.....#


You could see an ogre.

Vanquished Creatures
  A wraith (Ossuary)
  An ogre (D:5)
  A centaur (D:3)
  2 crimson imps
  A hound (D:4)
  5 orc wizards
  A worker ant (D:4)
  Natasha (twice) (D:2)
  A mummy (Ossuary)
  Robin (D:3)
  12 adders
  A worm (D:2)
  3 dart slugs
  6 leopard geckos
  15 orcs
  12 bats
  3 giant cockroaches
  14 goblins
  10 hobgoblins
  7 jackals (D:1)
  4 quokkas (D:4)
  3 ball pythons
  11 frilled lizards
  7 gnoll skeletons (Ossuary)
  4 jackal skeletons
  9 kobolds
  5 kobold skeletons (Ossuary)
  A leopard gecko zombie (D:5)
  13 orc skeletons (Ossuary)
  6 rats
162 creatures vanquished.

Vanquished Creatures (collateral kills)
  A worm (D:2)
1 creature vanquished.

Grand Total: 163 creatures vanquished

Notes
Turn   | Place    | Note
-------+----------+-------------------------------------------
     0 | D:1      | Hugehornet the Octopode Transmuter began the quest for the
                  | Orb.
     0 | D:1      | Reached XP level 1. HP: 13/13 MP: 3/3
   321 | D:1      | Reached XP level 2. HP: 18/18 MP: 3/5
   674 | D:1      | Reached skill level 3 in Transmutations
   731 | D:1      | Reached XP level 3. HP: 23/23 MP: 4/6
   748 | D:1      | You fall into a shaft and drop 1 floor!
   774 | D:2      | Learned a level 2 spell: Sticks to Snakes
  1051 | D:2      | Learned a level 3 spell: Spider Form
  1479 | D:1      | Reached skill level 1 in Poison Magic
  1493 | D:1      | Reached XP level 4. HP: 15/28 MP: 6/8
  1881 | D:2      | Noticed Natasha
  1910 | D:2      | Killed Natasha
  2321 | D:2      | Noticed Natasha
  2330 | D:2      | Killed Natasha
  2330 | D:2      | Reached XP level 5. HP: 33/33 MP: 5/9
  2337 | D:2      | Learned a level 4 spell: Ice Form
  2483 | D:2      | Found a faded altar of an unknown god.
  2551 | D:3      | Gained mutation: Your natural rate of healing is unusually
                  | fast. [potion of mutation]
  2551 | D:3      | Gained mutation: Your mind is acute. (Int +2) [potion of
                  | mutation]
  2551 | D:3      | Gained mutation: Scrolls take you a little longer to read.
                  | [potion of mutation]
  2551 | D:3      | Gained mutation: You possess an exceptional clarity of
                  | mind. [potion of mutation]
  2552 | D:3      | Lost mutation: You possess an exceptional clarity of mind.
                  | [potion of mutation]
  2552 | D:3      | Lost mutation: Scrolls take you a little longer to read.
                  | [potion of mutation]
  2552 | D:3      | Lost mutation: Your mind is acute. (Int +2) [potion of
                  | mutation]
  2552 | D:3      | Gained mutation: You are clumsy. (Dex -2) [potion of
                  | mutation]
  2552 | D:3      | Gained mutation: Your mind is acute. (Int +2) [potion of
                  | mutation]
  2674 | D:3      | Noticed Robin
  2686 | D:3      | Killed Robin
  2686 | D:3      | Reached skill level 1 in Ice Magic
  2938 | D:3      | Reached XP level 6. HP: 25/38 MP: 8/10
  3541 | D:4      | Reached skill level 4 in Transmutations
  3569 | D:4      | Found a glowing silver altar of Zin.
  3579 | D:4      | Reached XP level 7. HP: 41/43 MP: 7/11
  3712 | D:4      | Found a bloodstained altar of Trog.
  3811 | D:4      | Noticed a +0 hand axe
  3811 | D:4      | Noticed a +0 dagger
  3812 | D:4      | Found a hide-covered altar of Uskayaw.
  3861 | D:4      | Found a sand-covered staircase.
  3872 | Ossuary  | Entered an ossuary
  3872 | Ossuary  | Noticed a wraith
  3872 | Ossuary  | Noticed a wraith
  3872 | Ossuary  | Noticed a wraith
  4006 | Ossuary  | Noticed a wraith
  4140 | Ossuary  | Killed a wraith
  4254 | D:4      | Lost mutation: You are clumsy. (Dex -2) [potion of
                  | mutation]
  4254 | D:4      | Lost mutation: Your mind is acute. (Int +2) [potion of
                  | mutation]
  4254 | D:4      | Lost mutation: Your natural rate of healing is unusually
                  | fast. [potion of mutation]
  4254 | D:4      | Gained mutation: You are somewhat resistant to further
                  | mutation. [potion of mutation]
  4529 | D:5      | Entered Level 5 of the Dungeon
  4999 | D:5      | Found an ancient bone altar of Kikubaaqudgha.
  5016 | D:5      | Reached XP level 8. HP: 30/48 MP: 11/14
  5016 | D:5      | Reached skill level 5 in Transmutations
  5159 | D:5      | Mangled by an ogre

Levels and vault maps discovered:
D:1:      dpeg_arrival_concentric_ovals, layout_loops_ring, minmay_octomino_j4
D:2:      layout_basic, chequers_ecumenical_altar_simple_redux, uniq_natasha
D:3:      layout_loops_ring, first_ration, uniq_robin
D:4:      layout_rooms, dancing_weapons_uskayaw, zin_statuary,
          nicolae_ossuary_entry_ruins, trog_book
D:5:      layout_loops_cross, kiku_gazebo_pond_becter, serial_shops, shop

Skill      XL: |  1  2  3  4  5  6  7  8 |
---------------+-------------------------+-----
Transmutations | 3 4 5 |  5.1
Spellcasting   | 3 4 |  4.1
Poison Magic   | 1 3 |  3.1
Ice Magic      | 2 3 4 |  4.6
Unarmed Combat | 4 |  4.2
Fighting       | |  1.0
Dodging        | |  2.0

Action                   |  1- 3 |  4- 6 |  7- 9 || total
-------------------------+-------+-------+-------++-------
Melee: Unarmed           |    78 |   180 |   148 ||   406
       Constrict         |    24 |    30 |    35 ||    89
       Kick              |    22 |    20 |    26 ||    68
       Tentacles         |     7 |    20 |    29 ||    56
       Punch             |     2 |     2 |     4 ||     8
 Cast: Beastly Appendage |    23 |    28 |    22 ||    73
       Sticks to Snakes  |     3 |       |       ||     3
       Spider Form       |       |     6 |     3 ||     9
 Abil: End Transformatio |       |     1 |     1 ||     2
  Use: Scroll            |       |     7 |     6 ||    13
       Potion            |       |     2 |     5 ||     7
 Stab: Sleeping          |     6 |     5 |     3 ||    14
  Eat: Chunk             |     2 |     8 |     2 ||    12
       Ration            |       |       |     1 ||     1
Armor: Skin              |     7 |    13 |     5 ||    25
Dodge: Dodged            |    55 |   127 |    83 ||   265
